 Dungeon Crawl Stone Soup version 0.27-a0-3-gcf006a40f5 (webtiles) character file.

Game seed: 1262931286220592204

80 Morgoth the Cutter (level 4, 0/27 HPs)
             Began as a Tengu Warper on Jan 1, 2021.
             Succumbed to an adder's poison
             ... on level 2 of the Dungeon.
             The game lasted 00:07:52 (2689 turns).

Morgoth the Cutter (Tengu Warper)                   Turns: 2689, Time: 00:07:53

Health: 0/27       AC:  3    Str: 10 (12) XL:     4   Next: 39%
Magic:  13/17      EV: 14    Int: 12 (14) God:
Gold:   123        SH:  0    Dex: 10 (13) Spells: 7/7 levels left

rFire    + . .     SeeInvis .   a - +0 short sword
rCold    + . .     Faith    .   (no shield)
rNeg     . . .     Spirit   .   b - +0 leather armour
rPois    +         Reflect  .   (helmet restricted)
rElec    +         Harm     .   (no cloak)
rCorr    +         Rampage  .   (no gloves)
Will     .....                  (boots unavailable)
Stlth    +.........             p - amulet of magic regeneration
HPRegen  0.09/turn              r - ring of poison resistance
MPRegen  0.40/turn              s - ring of magical power

@: mighty, brilliant, lethally poisoned (0 -> -1), resistant, attractive, flying
quickly and evasively, hasted, very quick
A: beak, talons 3
a: no special abilities


You were on level 2 of the Dungeon.
You visited 1 branch of the dungeon, and saw 3 of its levels.

You collected 123 gold pieces.

Inventory:

Hand Weapons
 a - a +0 short sword (weapon)
 k - a +1 dagger of speed
Missiles
 e - 5 boomerangs of dispersal
 h - 6 curare-tipped darts (quivered)
Armour
 b - a +0 leather armour (worn)
Jewellery
 p - an amulet of magic regeneration (around neck)
 r - a ring of poison resistance (left hand)
 s - a ring of magical power (right hand)
Scrolls
 c - 2 scrolls of fog {unknown}
 d - 2 scrolls of blinking
 g - 7 scrolls of identify {unknown}
 j - 3 scrolls of teleportation {unknown}
 m - a scroll of enchant weapon {unknown}
 u - a scroll of magic mapping {unknown}
Potions
 o - a potion of attraction
 q - a potion of flight


   Skills:
 + Level 2.4 Fighting
 - Level 4.0 Short Blades
 - Level 1.0 Throwing
 - Level 1.1 Armour
 + Level 2.7 Dodging
 + Level 2.3 Spellcasting
 - Level 2.4 Translocations


You had 7 spell levels left.
You didn't know any spells.
Your spell library contained the following spells:

 Spells                   Type           Power        Failure   Level
 Blink                    Tloc           N/A          21%         2
 Gell's Gravitas          Tloc           5%           36%         3
 Lesser Beckoning         Tloc           5%           36%         3
 Teleport Other           Tloc           10%          36%         3
 Passage of Golubria      Tloc           N/A          78%         4


Dungeon Overview and Level Annotations

Branches:
Dungeon (3/15)

Altars:
Nemelex Xobeh


Innate Abilities, Weirdness & Mutations

You have a beak for a mouth.
You have claws for feet.


Message History

[Y]es or [N]o only, please.
Keep equipping yourself?
* * * LOW HITPOINT WARNING * * *
You feel sick.
You continue putting on your triangular citrine amulet. x4
* * * LOW HITPOINT WARNING * * *
You feel sick.
You finish putting on your uncursed amulet of magic regeneration.
p - an amulet of magic regeneration (around neck)
r - a ring of poison resistance (left hand)
You feel your magic capacity increase.
s - a ring of magical power (right hand)
There is a lethal amount of poison in your body!
* * * LOW HITPOINT WARNING * * *
You feel sick.
* * * LOW HITPOINT WARNING * * *
You feel sick.
* * * LOW HITPOINT WARNING * * *
You feel sick.
You die...

#.#####.#.#####.##
#.# #...........
#.# #########...
#.# #.......## #.#
#.####### #.# #.#
### #.# #.# #..
#.# #.# #.# #@#
#.# #.# #.# #.#
#.. #.# #.# ##⌠.
#.# #.# #.._ #.#
#.# #.⌠. #.# #.#
#... #.# #.# ##..
#.#######.# #..
#.>.......#### #.#


There were no monsters in sight!

Vanquished Creatures
  3 adders (D:2)
  An ooze (D:1)
  4 dart slugs
  An orc (D:2)
  8 goblins
  5 hobgoblins
  A quokka (D:2)
  7 bats
  3 frilled lizards
  4 kobolds
  7 rats
44 creatures vanquished.

Vanquished Creatures (others)
  5 toadstools (D:1)
5 creatures vanquished.

Grand Total: 49 creatures vanquished

Notes
Turn   | Place    | Note
-------+----------+-------------------------------------------
     0 | D:1      | Morgoth the Tengu Warper began the quest for the Orb.
     0 | D:1      | Reached XP level 1. HP: 12/12 MP: 4/4
   196 | D:1      | Reached XP level 2. HP: 11/17 MP: 6/6
   222 | D:1      | Reached skill level 3 in Short Blades
   885 | D:1      | Reached XP level 3. HP: 21/21 MP: 7/7
  1130 | D:1      | Reached skill level 4 in Short Blades
  1851 | D:2      | Found a sparkling altar of Nemelex Xobeh.
  2025 | D:2      | Reached XP level 4. HP: 17/26 MP: 8/8
  2675 | D:2      | HP: 1/27 [poisoned by an adder]
  2682 | D:2      | HP: 1/27 [poisoned by an adder]
  2689 | D:2      | Succumbed to an adder's poison

Illustrated notes

Levels and vault maps discovered:
D:1:      ldierk_walled_garden, layout_basic, hangedman_feature_mirror
D:2:      layout_loops_ring, nemelex_xobeh_ov_fountains_minmay
D:3:      gammafunk_steamed_eel, layout_rooms,
          gammafunk_temple_overflow_elements, corexii_leaking_fountain

Skill      XL: |  1  2  3 |
---------------+----------+-----
Short Blades   | 3 4 |  4.0
Fighting       | |  2.4
Throwing       | |  1.0
Armour         | |  1.1
Dodging        | |  2.7
Spellcasting   | |  2.3
Translocations | |  2.4

Action                   |  1- 3 |  4- 6 || total
-------------------------+-------+-------++-------
Melee: Short sword       |   102 |    30 ||   132
       Kick              |    23 |     6 ||    29
       Peck              |     8 |     2 ||    10
  Use: Potion            |       |     7 ||     7
Armor: Leather armour    |    36 |    12 ||    48
Dodge: Dodged            |    65 |    21 ||    86

Table legend: (Time is in decaauts)
 A = Elapsed time spent in this place.
 B = Non-inter-level travel time spent in this place.
 C = Inter-level travel time spent in this place.
 D = Time resting spent in this place.
 E = Time spent auto-exploring this place.
 F = Levels seen in this place.
 G = Mean time per level.
                   A        B        C        D        E       F      G
               +--------+--------+--------+--------+--------+-----+--------+
         Total |   2674 |   2477 |    197 |    572 |   1430 |   3 |  891.3 |
       Dungeon |   2674 |   2477 |    197 |    572 |   1430 |   3 |  891.3 |
               +--------+--------+--------+--------+--------+-----+--------+

Top non-repeatable levels by time:
     D:2: 1362 daAuts
     D:1: 1286 daAuts
     D:3: 25 daAuts
